 Dungeon Crawl Stone Soup version 0.29.1-15-g9cfb28693d (webtiles) character file.

Game seed: 8517690953200572124

5389 Atelerd the Thaumaturge (level 10, -14/90 HPs)
             Began as an Octopode Earth Elementalist on May 1, 2023.
             Was a Believer of Sif Muna.
             Demolished by a two-headed ogre
             ... wielding a +0 giant spiked club
              (25 damage)
             ... on level 9 of the Dungeon.
             The game lasted 00:16:41 (12858 turns).

Atelerd the Thaumaturge (OpEE)                     Turns: 12858, Time: 00:16:42

Health: -14/90     AC:  5    Str:  8    XL:     10   Next: 66%
Magic:  0/23       EV: 14    Int: 22    God:    Sif Muna [**....]
Gold:   452        SH:  0    Dex: 12    Spells: 20/28 levels left

rFire   . . .      SeeInvis .   m - +0 dagger (speed)
rCold   . . .      Faith    .   (no shield)
rNeg    . . .      Spirit   .   (helmet restricted)
rPois   .          Reflect  .   (no amulet)
rElec   .          Harm     .   j - +4 ring of protection
rCorr   .          Rampage  .   (no ring)
Will    .....                   (no ring)
Stlth   ..........              (no ring)
HPRegen 0.25/turn               (no ring)
MPRegen 0.18/turn               (no ring)
                                (no ring)
                                (no ring)

@: berserking, very quick
A: almost no armour, amphibious, 8 rings, camouflage 1, gelatinous body 1,
(nimble swimmer 1), tentacles
a: Renounce Religion, Channel Magic


You were on level 9 of the Dungeon.
You worshipped Sif Muna.
Sif Muna was pleased with you.
You visited 2 branches of the dungeon, and saw 10 of its levels.

You collected 524 gold pieces.
You spent 72 gold pieces at shops.

Inventory:

Hand Weapons
 e - the +3 falchion of Discomfort {vamp, rF+ Int-4 Stlth+}
   (You found it on level 4 of the Dungeon)

   It occasionally heals its wielder for a portion of the damage dealt when it
   wounds a living foe.
   Int:       It affects your intelligence (-4).
   rF:        It protects you from fire.
   Stlth:     It makes you more stealthy.
 f - a +0 dagger
 m - a +0 dagger of speed (weapon)
Missiles
 i - 15 poisoned darts
Jewellery
 j - a +4 ring of protection (left tentacle)
 s - a +4 ring of evasion
 y - an amulet of regeneration
Wands
 l - a wand of paralysis (9)
 v - a wand of iceblast (5)
Scrolls
 g - 2 scrolls of silence
 h - 2 scrolls of teleportation
 k - 5 scrolls of magic mapping
 n - a scroll of blinking
 o - a scroll of immolation
 q - 2 scrolls of torment
 r - a scroll of enchant weapon {unknown}
 z - a scroll of noise
Potions
 a - 2 potions of magic
 b - 5 potions of flight
 c - 2 potions of brilliance
 d - a potion of degeneration
 p - a potion of curing
 u - a potion of mutation {unknown}
 x - a potion of cancellation


   Skills:
 - Level 2.0 Fighting
 - Level 4.0 Short Blades
 - Level 5.0 Dodging
 - Level 8.0 Stealth
 + Level 9.9 Spellcasting
 - Level 2.0 Conjurations
 - Level 3.0 Transmutations
 - Level 2.0 Air Magic
 - Level 6.0 Earth Magic
 - Level 2.0 Poison Magic
 - Level 3.0 Invocations


You had 20 spell levels left.
You knew the following spells:

 Your Spells              Type           Power      Damage    Failure   Level
a - Sandblast             Erth           74%        2d16      1%          1
b - Mephitic Cloud        Conj/Pois/Air  19%        N/A       9%          3
p - Petrify               Tmut/Erth      30%        N/A       10%         4

Your spell library contained the following spells:

 Spells                   Type           Power      Damage    Failure   Level
 Passwall                 Tmut/Erth      25%        N/A       1%          2
 Magic Dart               Conj           76%        1d6       2%          1
 Shock                    Conj/Air       76%        1d7       2%          1
 Wereblood                Tmut           24%        N/A       2%          2
 Stone Arrow              Conj/Erth      56%        3d10      3%          3
 Foxfire                  Conj/Fire      60%        2x1d7     4%          1
 Static Discharge         Conj/Air       19%        3-6/arc   4%          2
 Necrotise                Necr           40%        1d6       6%          1
 Summon Small Mammal      Summ           40%        N/A       6%          1
 Swiftness                Air            19%        N/A       9%          3
 Call Imp                 Summ           10%        N/A       10%         2
 Sublimation of Blood     Necr           10%        N/A       10%         2
 Conjure Flame            Conj/Fire      15%        6-21      12%         3
 Dazzling Flash           Conj/Hex       30%        N/A       12%         3
 Call Canine Familiar     Summ           10%        N/A       19%         3
 Inner Flame              Hex/Fire       10%        N/A       19%         3
 Portal Projectile        Hex/Tloc       20%        N/A       19%         3
 Summon Guardian Golem    Hex/Summ       10%        N/A       19%         3
 Tukima's Dance           Hex            10%        N/A       19%         3
 Vampiric Draining        Necr           10%        2d6       19%         3
 Airstrike                Air            9%         2d(2-18)  26%         4
 Flame Wave               Conj/Fire      15%        2d7       38%         4
 Blade Hands              Tmut           12%        N/A       45%         5
 Lightning Bolt           Conj/Air       9%         1d22      58%         5
 Silence                  Hex/Air        7%         N/A       75%         5
 Agony                    Necr           10%        N/A       86%         5
 Summon Hydra             Summ           5%         N/A       100%        7
 Maxwell's Capacitive Co  Air            9%         ∞         100%        8


Dungeon Overview and Level Annotations

Branches:
Dungeon (9/15)             Temple (1/1) D:4
   Lair: D:8-11         Orc: D:9-12

Altars:
Ashenzari
Fedhas
Kikubaaqudgha
Makhleb
Nemelex Xobeh
Qazlal
Ru
Sif Muna
Trog
Wu Jian
Yredelemnul
Zin
The Shining One

Shops:
D:1 *   D:6 :

Annotations:
D:1 exclusion: downstairs
D:2 exclusion: downstairs
D:3 exclusion: downstairs
D:5 exclusion: 2 downstairs
D:7 exclusion: downstairs


Innate Abilities, Weirdness & Mutations

You cannot wear most types of armour.
You are amphibious.
You can wear up to eight rings at the same time.
Your skin changes colour to match your surroundings (Stealth+).
Your rubbery body absorbs attacks. (AC +1, EV +1)
((You are camouflaged when in or above water. (Stealth+)))
You have tentacles for arms and can constrict up to eight enemies at once.


Message History

Casting: Sandblast (safe; 1% risk of failure)
Confirm with . or Enter, or press ? or * to list all spells.
Aiming: Sandblast (safe; 1% risk of failure)
Press: ? - help, Shift-Dir - straight line, f/p - two-headed ogre
Aim: a two-headed ogre, wielding a +0 giant spiked club and a +0 giant club (heavily wounded, petrified, 100% to hit)
The blast of sand hits the two-headed ogre.
The two-headed ogre is heavily wounded.
Casting: Sandblast (safe; 1% risk of failure)
Confirm with . or Enter, or press ? or * to list all spells.
Aiming: Sandblast (safe; 1% risk of failure)
Press: ? - help, Shift-Dir - straight line, f/p - two-headed ogre
Aim: a two-headed ogre, wielding a +0 giant spiked club and a +0 giant club (heavily wounded, petrified, 100% to hit)
The blast of sand hits the two-headed ogre!!
The two-headed ogre is severely wounded.
The two-headed ogre is no longer petrified.
Casting: Sandblast (safe; 1% risk of failure)
Confirm with . or Enter, or press ? or * to list all spells.
Aiming: Sandblast (safe; 1% risk of failure)
Press: ? - help, Shift-Dir - straight line, f/p - two-headed ogre
Aim: a two-headed ogre, wielding a +0 giant spiked club and a +0 giant club (severely wounded, 92% to hit)
The blast of sand hits the two-headed ogre!
The two-headed ogre is severely wounded.
Unknown command.
Unknown command.
Casting: Sandblast (safe; 1% risk of failure)
Confirm with . or Enter, or press ? or * to list all spells.
Aiming: Sandblast (safe; 1% risk of failure)
Press: ? - help, Shift-Dir - straight line, f/p - two-headed ogre
Aim: a two-headed ogre, wielding a +0 giant spiked club and a +0 giant club (severely wounded, 92% to hit)
The blast of sand hits the two-headed ogre.
The two-headed ogre is almost dead.
The two-headed ogre hits you with a +0 giant spiked club!!
The two-headed ogre hits you with a +0 giant club!!
* * * LOW HITPOINT WARNING * * *
Unknown command.
Unknown command.
A red film seems to cover your vision as you go berserk!
You feel yourself moving faster!
You feel mighty!
The two-headed ogre hits you with a +0 giant spiked club!!
You die...

............
#...(.......
#...........
#...........
#...........
#.)<........
#...........
#####..[O)......
.......@.)......
........######..
...?....#
######..# #..#
#..# #..# #...


You could see a two-headed ogre.

Vanquished Creatures
  A troll (D:6)
  Prince Ribbit (D:6)
  Sigmund (D:3)
  A wraith (D:8)
  Eustachio (D:4)
  2 steam dragons
  Edmund (D:5)
  4 water moccasins
  2 sky beasts
  3 black bears
  A hornet zombie (D:7)
  2 ice beasts (D:6)
  An orc warrior (D:8)
  3 centaurs
  3 ogres
  2 phantoms
  A kobold brigand (D:6)
  3 necrophages
  A bullfrog (D:8)
  A scorpion (D:7)
  12 wights
  A centaur zombie (D:7)
  5 hounds
  A human zombie (D:7)
  4 jellies
  9 orc priests
  5 iguanas
  8 orc wizards
  A mummy (D:7)
  7 gnolls
  4 adders
  4 white imps
  3 dart slugs
  24 orcs
  10 ball pythons
  9 bats
  11 endoplasms
  6 giant cockroaches
  12 goblins
  4 hobgoblins
  3 jackals (D:5)
  8 quokkas
  3 frilled lizards
  11 kobolds
  6 rats
206 creatures vanquished.

Vanquished Creatures (others)
  A steam dragon (D:5)
  An adder (D:6)
  An orc (D:9)
  10 fungi (D:5)
  3 plants (D:3)
16 creatures vanquished.

Grand Total: 222 creatures vanquished

Notes
Turn   | Place    | Note
-------+----------+-------------------------------------------
     0 | D:1      | Atelerd the Octopode Earth Elementalist began the quest for
                  | the Orb.
     0 | D:1      | Reached XP level 1. HP: 11/11 MP: 3/3
   141 | D:1      | Reached XP level 2. HP: 15/17 MP: 0/5
   236 | D:1      | Found a faded altar of an unknown god.
   709 | D:1      | Found Fim Guith's General Store.
   729 | D:1      | Reached XP level 3. HP: 21/21 MP: 4/6
   799 | D:1      | Bought a potion of degeneration for 13 gold pieces
  1232 | D:2      | Noticed an ogre
  1707 | D:3      | Found a burning altar of Makhleb.
  1709 | D:3      | Found a glowing silver altar of Zin.
  1727 | D:3      | Found a sacrificial altar of Ru.
  1994 | D:3      | Reached XP level 4. HP: 27/27 MP: 3/7
  2582 | D:3      | Noticed Sigmund
  3057 | D:3      | Learned a level 4 spell: Petrify
  3072 | D:3      | Killed Sigmund
  3073 | D:3      | Reached skill level 3 in Spellcasting
  3073 | D:3      | Reached XP level 5. HP: 14/31 MP: 0/10
  3073 | D:3      | Reached XP level 6. HP: 16/36 MP: 0/11
  3411 | D:4      | Identified the +3 falchion of Discomfort {vamp, rF+ Int-4
                  | Stlth+}
  3431 | D:4      | Noticed Eustachio
  3445 | D:4      | Killed Eustachio
  3446 | D:4      | Reached skill level 5 in Earth Magic
  3765 | D:4      | Found a staircase to the Ecumenical Temple.
  3810 | Temple   | Entered the Ecumenical Temple
  3850 | Temple   | Became a worshipper of Sif Muna the Loreminder
  4149 | D:5      | Entered Level 5 of the Dungeon
  4253 | D:5      | Reached skill level 4 in Spellcasting
  4304 | D:5      | Reached skill level 5 in Stealth
  4304 | D:5      | Reached XP level 7. HP: 30/41 MP: 13/13
  4533 | D:5      | Noticed Edmund
  4561 | D:5      | Killed Edmund
  5129 | D:5      | Reached skill level 5 in Spellcasting
  5423 | D:5      | Reached XP level 8. HP: 46/46 MP: 13/15
  5621 | D:1      | Bought 4 poisoned darts for 20 gold pieces
  5621 | D:1      | Bought a potion of curing for 39 gold pieces
  6281 | D:5      | Reached skill level 6 in Spellcasting
  6284 | D:5      | HP: 2/46 [steam dragon/ball of steam (21)]
  6712 | D:6      | Noticed Prince Ribbit
  6769 | D:5      | Reached skill level 7 in Spellcasting
  7322 | D:6      | Killed Prince Ribbit
  7350 | D:6      | Reached skill level 8 in Spellcasting
  7350 | D:6      | Reached XP level 9. HP: 42/51 MP: 1/21
  7475 | D:6      | Reached * piety under Sif Muna
  7581 | D:6      | Reached skill level 1 in Fighting
  7584 | D:6      | Reached skill level 1 in Short Blades
  7843 | D:6      | Found Rudigaurige's Tremendous Tomes.
  7932 | D:6      | Reached skill level 1 in Invocations
  8044 | D:6      | Noticed a troll
  8665 | D:7      | Found an ancient bone altar of Kikubaaqudgha.
  9415 | D:7      | Learned a level 3 spell: Mephitic Cloud
  9513 | D:7      | Reached skill level 1 in Poison Magic
  9513 | D:7      | Reached XP level 10. HP: 55/60 MP: 18/22
  9607 | D:7      | Found an ornate altar of the Wu Jian Council.
  9776 | D:8      | Reached skill level 1 in Conjurations
  9824 | D:8      | Reached ** piety under Sif Muna
  9901 | D:8      | Reached skill level 1 in Air Magic
 10350 | D:8      | Identified the +4 scale mail "Girhevoj" {Dex+4 Slay+2}
 10657 | D:8      | Noticed a death knight
 10935 | D:6      | Reached skill level 5 in Dodging
 11378 | D:6      | Reached skill level 9 in Spellcasting
 12835 | D:9      | Noticed a two-headed ogre
 12858 | D:9      | Demolished by a two-headed ogre

Illustrated notes

Levels and vault maps discovered:
D:1:      sevenhm_arrival_forest_fort_large_4, layout_basic, serial_shops,
          nicolae_shop_statue_plus, hellmonk_ecumenical_altar_zigzags,
          serial_corexii_hall, chequers_hall_statues_corner_a,
          corexii_hall_statues_s, hangedman_abyss_or_decor_lesser_grid
D:2:      layout_rooms, minmay_domino_2
D:3:      layout_loops_corners, grunt_temple_overflow_open, serial_bayou_pond_b,
          uniq_sigmund
D:4:      layout_rooms, minmay_temple_entry_crystal_x, uniq_eustachio
D:5:      kennysheep_steamy, layout_basic, uniq_edmund
D:6:      cheibrodos_fzero, layout_cave_pools, nicolae_shop_i_like_big_books,
          kennysheep_generic_room_5, uniq_prince_ribbit1
D:7:      layout_rooms, lemuel_mausoleum_altar_kikubaaqudgha,
          nzn_wu_jian_contemplation
D:8:      black_bear_nest_2, layout_gridville
D:9:      layout_small_grid, david_lair_shrubbed, erik_orc_1, enter_bailey_5,
          hangedman_glass_teeth
Temple:   nicolae_temple_superstar

Skill      XL: |  1  2  3  4  5  6  7  8  9 10 |
---------------+-------------------------------+-----
Transmutations | 2 3 |  3.0
Stealth        | 3 5 7 8 |  8.0
Spellcasting   | 3 4 5 8 9 |  9.9
Earth Magic    | 4 5 6 |  6.0
Fighting       | 2 |  2.0
Short Blades   | 3 4 |  4.0
Invocations    | 2 3 |  3.0
Dodging        | 4 5 |  5.0
Poison Magic   | 1 2 |  2.0
Conjurations   | 2 |  2.0
Air Magic      | 2 |  2.0

Action                   |  1- 3 |  4- 6 |  7- 9 | 10-12 || total
-------------------------+-------+-------+-------+-------++-------
Melee: Unarmed           |     9 |       |       |       ||     9
       Constrict         |     4 |     8 |    16 |     6 ||    34
       Tentacles         |     4 |    11 |    19 |     7 ||    41
       Dagger            |     3 |    32 |    68 |    28 ||   131
       Falchion          |       |     6 |       |       ||     6
       Punch             |       |       |     1 |       ||     1
 Cast: Sandblast         |    51 |    39 |   146 |   128 ||   364
       Petrify           |       |     2 |    21 |    15 ||    38
       Mephitic Cloud    |       |       |       |     3 ||     3
  Use: Potion            |       |     4 |     6 |     3 ||    13
       Scroll            |       |       |    13 |     2 ||    15
 Stab: Petrified         |       |     6 |    18 |     9 ||    33
       Sleeping          |       |     1 |     5 |     1 ||     7
       Petrifying        |       |     1 |     1 |       ||     2
Armor: Skin              |    10 |     3 |    28 |    39 ||    80
Dodge: Dodged            |    34 |    54 |   119 |    64 ||   271
